 Dungeon Crawl Stone Soup version 0.29.0-11-gd7f09526c8 (webtiles) character file.

Game seed: 14020822530568488663

101 apoch the Chopper (level 4, -2/39 HPs)
             Began as a Minotaur Fighter on Sept 6, 2022.
             Was a Believer of Cheibriados.
             Slain by an orc
             ... wielding a +0 hand axe
              (5 damage)
             ... on level 3 of the Dungeon.
             The game lasted 00:02:22 (2247 turns).

apoch the Chopper (Minotaur Fighter)                Turns: 2247, Time: 00:02:23

Health: -2/39      AC:  8    Str: 26    XL:     4   Next: 48%
Magic:  3/3        EV:  9    Int:  9    God:    Cheibriados [**....]
Gold:   146        SH:  5    Dex: 14    Spells: 3/3 levels left

rFire   . . .      SeeInvis .   a - +0 war axe
rCold   . . .      Faith    .   c - +0 buckler
rNeg    . . .      Spirit   .   b - +0 scale mail
rPois   .          Reflect  .   (helmet restricted)
rElec   .          Harm     .   (no cloak)
rCorr   .          Rampage  .   k - +0 pair of gloves
Will    .....                   (no boots)
Stlth   ..........              (no amulet)
HPRegen 0.13/turn               (no ring)
MPRegen 0.08/turn               (no ring)

@: very slow
A: horns 2, retaliatory headbutt
a: Renounce Religion, Bend Time


You were on level 3 of the Dungeon.
You worshipped Cheibriados.
Cheibriados was pleased with you.
You visited 1 branch of the dungeon, and saw 3 of its levels.

You collected 146 gold pieces.

Inventory:

Hand Weapons
 a - a +0 war axe (weapon)
Armour
 b - a +0 scale mail (worn)
 c - a +0 buckler (worn)
 k - a +0 pair of gloves (worn)
Jewellery
 l - an amulet of faith
Scrolls
 e - a scroll of silence {unknown}
 f - 3 scrolls of identify {unknown}
 i - a scroll of immolation {unknown}
 j - a scroll of fear {unknown}
 o - a scroll of teleportation {unknown}
Potions
 d - a potion of might
 g - 3 potions of attraction {unknown}
 h - 3 potions of curing {unknown}
 m - 2 potions of lignification {unknown}
 n - a potion of mutation {unknown}
 p - a potion of berserk rage {unknown}


   Skills:
 - Level 3.6 Fighting
 + Level 5.8 Axes
 - Level 3.6 Armour
 - Level 3.6 Shields


You had 3 spell levels left.
You didn't know any spells.
Your spell library was empty.

Dungeon Overview and Level Annotations

Branches:
Dungeon (3/15)

Altars:
Cheibriados

Shops:
D:2 !


Innate Abilities, Weirdness & Mutations

You have a pair of horns on your head.
You reflexively headbutt those who attack you in melee.


Message History

You feel agile.
You hit the orc. You headbutt the orc.
You kill the orc!
Cheibriados thoroughly appreciates the change of pace.
The orc priest hits you but does no damage.
The orc priest closely misses you.
Items here: ( )))) [[[ ††.
You closely miss the orc priest.
The orc priest calls down the wrath of Beogh upon you.
Beogh smites you!
* * * LOW HITPOINT WARNING * * *
You slash the orc priest!
You kill the orc priest!
Cheibriados appreciates the change of pace.
You closely miss the orc. The orc barely misses you.
You block the orc's attack.
You completely miss the orc. You headbutt the orc.
The orc is heavily wounded.
The orc misses you.
An orc comes into view. It is wielding a +0 hand axe.
The orc shouts!
You hit the orc but do no damage.
The orc is heavily wounded.
You block the orc's attack.
You closely miss the orc.
The orc is heavily wounded.
The orc hits you but does no damage. The orc hits you with a +0 falchion.
* * * LOW HITPOINT WARNING * * *
You hit the orc.
The orc is almost dead.
The orc hits you with a +0 falchion.
* * * LOW HITPOINT WARNING * * *
You slash the orc!
You kill the orc!
Cheibriados appreciates the change of pace.
You hit the orc but do no damage. The orc barely misses you.
You hit the orc.
The orc is severely wounded.
The orc hits you with a +0 hand axe.
You die...

#############
#...........#
#.#########.#
#.# ######.##
# #)#
#.......## #
#@#
#.#####..####
##o###..#
#.#....
#.......#
#..####
#..###..#
#.## #..# #
#.# #..# ..#
#... ....
#... .....
##.. .....


You could see an orc.

Vanquished Creatures
  An orc priest (D:3)
  An adder (D:2)
  A worm (D:2)
  3 dart slugs
  7 orcs (D:3)
  A ball python (D:2)
  3 endoplasms
  2 giant cockroaches (D:2)
  5 goblins (D:1)
  6 hobgoblins
  2 jackals (D:1)
  2 kobolds
  3 quokkas
  3 bats (D:1)
  2 frilled lizards
  A rat (D:2)
43 creatures vanquished.

Notes
Turn   | Place    | Note
-------+----------+-------------------------------------------
     0 | D:1      | apoch the Minotaur Fighter began the quest for the Orb.
     0 | D:1      | Reached XP level 1. HP: 19/19 MP: 0/0
   198 | D:1      | Reached skill level 3 in Axes
   288 | D:1      | Reached XP level 2. HP: 25/26 MP: 1/1
   867 | D:1      | Found a faded altar of an unknown god.
   887 | D:1      | Prayed at the altar of an unknown god.
   887 | D:1      | Became a worshipper of Cheibriados the Contemplative
   887 | D:1      | Reached * piety under Cheibriados
  1107 | D:1      | Reached skill level 4 in Axes
  1337 | D:2      | Reached XP level 3. HP: 30/31 MP: 2/2
  1396 | D:2      | Found Atiffe's Distillery.
  1952 | D:2      | Reached skill level 5 in Axes
  2235 | D:3      | Reached ** piety under Cheibriados
  2236 | D:3      | Reached XP level 4. HP: 23/39 MP: 3/3
  2247 | D:3      | Slain by an orc

Illustrated notes

Levels and vault maps discovered:
D:1:      sevenhm_arrival_forest_fort_large_4, layout_rooms,
          serial_co_window_serial, co_window_paths_a, co_window_paths_a,
          co_window_of_opportunity_a, co_window_cross_1, co_window_paths_a,
          co_window_of_opportunity_a, co_window_paths_a, co_window_2corner,
          co_window_2corner, co_window_corner_b, co_window_corner_b,
          co_window_corner_b, co_window_paths_c, co_window_2corner,
          glass_columns_c, glass_columns_a, glass_columns_a,
          hellmonk_ecumenical_altar_run_dry
D:2:      layout_loops_ring, serial_shops, shop_coins
D:3:      layout_loops_ring, grunt_dithmenos_smoke_and_mirrors,
          minmay_misc_feat_four_crosses, uniq_robin, uniq_terence

Skill      XL: |  1  2  3 |
---------------+----------+-----
Axes           | 3 4 5 |  5.8
Fighting       | |  3.6
Armour         | |  3.6
Shields        | |  3.6

Action                   |  1- 3 |  4- 6 || total
-------------------------+-------+-------++-------
Melee: War axe           |    77 |    11 ||    88
       Headbutt          |    16 |     2 ||    18
Throw: Stone             |    11 |       ||    11
Armor: Scale mail        |    23 |     2 ||    25
Dodge: Dodged            |    27 |     4 ||    31
Block: Buckler           |    14 |     2 ||    16
